 Dungeon Crawl Stone Soup version 0.27.1-1-g398f81649c (webtiles) character file.

Game seed: 7948612895214414733

179 acemry the Sneak (level 5, -1/33 HPs)
             Began as an Octopode Transmuter on Sept 9, 2021.
             Slain by a gnoll (7 damage)
             ... on level 3 of the Dungeon.
             The game lasted 00:05:39 (2839 turns).

acemry the Sneak (Octopode Transmuter)              Turns: 2839, Time: 00:05:39

Health: -1/33      AC:  1    Str:  9    XL:     5   Next: 59%
Magic:  7/8        EV: 13    Int: 17    God:
Gold:   105        SH:  0    Dex: 12    Spells: 7/8 levels left

rFire    . . .     SeeInvis .   e - +4 dagger (vamp)
rCold    . . .     Faith    .   (no shield)
rNeg     . . .     Spirit   .   (helmet currently unavailable)
rPois    .         Reflect  .   (no amulet)
rElec    .         Harm     .   (no ring)
rCorr    .         Rampage  .   (no ring)
Will     .....                  (no ring)
Stlth    ++++......             (no ring)
HPRegen  0.11/turn              (no ring)
MPRegen  0.11/turn              (no ring)
                                (no ring)
                                (no ring)

@: appendages, studying Crossbows
A: tentacle spike 3, almost no armour, amphibious, 8 rings, camouflage 1,
gelatinous body 1, (nimble swimmer 1), tentacles
a: End Transformation


You were on level 3 of the Dungeon.
One of your tentacles had grown a beastly spike.
You visited 1 branch of the dungeon, and saw 3 of its levels.

You collected 127 gold pieces.
You spent 22 gold pieces at shops.

Inventory:

Hand Weapons
 e - a +4 vampiric dagger (weapon)
Missiles
 c - 10 poisoned darts
Wands
 i - a wand of iceblast (5)
Scrolls
 a - a scroll of fear
 g - a scroll of identify
 k - a scroll of teleportation {unknown}
Potions
 b - a potion of mutation {unknown}
 d - a potion of might {unknown}
 f - 2 potions of heal wounds
 h - a potion of degeneration {unknown}
 j - 2 potions of brilliance {unknown}
 l - a potion of attraction {unknown}


   Skills:
 - Level 1.0 Fighting
 - Level 2.0 Dodging
 * Level 6.0 Stealth
 - Level 3.0 Unarmed Combat
 - Level 2.0 Spellcasting
 + Level 3.5 Transmutations


You had 7 spell levels left.
You knew the following spells:

 Your Spells              Type           Power      Damage    Failure   Level
a - Beastly Appendage     Tmut           26%        N/A       4%          1

Your spell library contained the following spells:

 Spells                   Type           Power      Damage    Failure   Level
 Wereblood                Tmut           13%        N/A       7%          2
 Spider Form              Tmut/Pois      3%         N/A       28%         3
 Ice Form                 Ice/Tmut       7%         N/A       67%         4


Dungeon Overview and Level Annotations

Branches:
Dungeon (3/15)

Altars:
Qazlal

Shops:
D:1 *


Innate Abilities, Weirdness & Mutations

One of your tentacles has grown a beastly spike.
You cannot wear most types of armour.
You are amphibious.
You can wear up to eight rings at the same time.
Your skin changes colour to match your surroundings (Stealth+).
Your rubbery body absorbs attacks. (AC +1, EV +1)
((You are camouflaged near water. (Stealth+)))
You have tentacles for arms and can constrict up to eight enemies at once.


Message History

You are very lightly contaminated with residual magic.
Nothing appears to happen.
One of your tentacles grows a vicious spike.
You hit the gnoll. Your grab misses the gnoll. Your squeeze misses the gnoll.
The gnoll is lightly wounded.
The gnoll barely misses you.
You hit the gnoll.
You feel better.
Your grab misses the gnoll.
The gnoll is heavily wounded.
The gnoll misses you.
You hit the gnoll.
You feel better.
You grab the gnoll. You squeeze the gnoll.
The gnoll is almost dead.
You constrict the gnoll, but do no damage.
The gnoll barely misses you.
Your magical contamination has completely faded away.
You hit the gnoll.
You kill the gnoll!
Your transformation is almost over.
Your Stealth skill increases to level 6!
Your tentacle spike disappears.
Magic restored.
HP restored.
k - a scroll labelled QIVUIR BIOHA You see here a +0 whip.
l - a viscous inky potion
Things that are here:
a +0 trident; a +0 ring mail You see here a +0 whip.
You see here a poisoned dart.
There are monsters nearby!
The gnoll shouts!
Found a scroll of identify.
One of your tentacles grows a vicious spike.
The gnoll hits you from afar with a +0 halberd!
Ouch! That really hurt!
The gnoll hits you with a +0 halberd!
* * * LOW HITPOINT WARNING * * *
You hit the gnoll.
You feel better.
You grab the gnoll.
The gnoll is lightly wounded.
You constrict the gnoll. The gnoll hits you with a +0 halberd!
You die...

#....# #.# #....## #.# ♣.
.♣ ♣. #.....# #.# . .... #
#...#.# #.# .♣.♣.#.
#####.# #.# ...... #.# #g#
#...### #.###.# #...?.
######..##.#######.#.#####
......<........g@.........
.........#.#########......
.........#.# ...##
...........# ..#
........#..# .#
........#..# #
...<....#..##
##..........#
##....÷...>.#


You could see a gnoll.

Vanquished Creatures
  A gnoll sergeant (D:3)
  4 adders
  3 gnolls (D:3)
  2 worms
  4 dart slugs
  5 ball pythons
  2 bats
  6 endoplasms
  2 goblins (D:1)
  3 hobgoblins
  3 jackals (D:2)
  2 quokkas (D:2)
  A frilled lizard (D:3)
  6 kobolds
  4 rats
48 creatures vanquished.

Notes
Turn   | Place    | Note
-------+----------+-------------------------------------------
     0 | D:1      | acemry the Octopode Transmuter began the quest for the Orb.
     0 | D:1      | Reached XP level 1. HP: 13/13 MP: 3/3
    63 | D:1      | Reached skill level 1 in Stealth
   131 | D:1      | Reached XP level 2. HP: 18/18 MP: 3/5
   250 | D:1      | Reached skill level 2 in Stealth
   411 | D:1      | Found Erul's General Store.
   425 | D:1      | Bought a scroll of identify for 22 gold pieces
   950 | D:1      | Reached XP level 3. HP: 23/23 MP: 4/6
  1183 | D:2      | Reached skill level 3 in Stealth
  1522 | D:2      | Found a faded altar of an unknown god.
  1711 | D:2      | Reached XP level 4. HP: 28/28 MP: 7/7
  1816 | D:2      | Reached skill level 4 in Stealth
  2126 | D:3      | Found a stormy altar of Qazlal.
  2126 | D:3      | Noticed a fire elemental
  2129 | D:3      | Noticed a water elemental
  2129 | D:3      | Noticed an earth elemental
  2129 | D:3      | Noticed an air elemental
  2637 | D:3      | Noticed a gnoll sergeant
  2650 | D:3      | Killed a gnoll sergeant
  2651 | D:3      | Reached skill level 5 in Stealth
  2651 | D:3      | Reached XP level 5. HP: 20/33 MP: 8/8
  2764 | D:3      | Reached skill level 6 in Stealth
  2839 | D:3      | Slain by a gnoll

Illustrated notes

Levels and vault maps discovered:
D:1:      dpeg_arrival_chambers_temple_mockup, layout_loops_ring, serial_shops,
          shop_coins
D:2:      layout_loops_ring, dilly_ecumenical_altar_fadedgnrine,
          dk_noncrumbling_2, st_stairs_4, minmay_pentomino_t2
D:3:      layout_basic, okawaru_trees_1, nicolae_qazlal_style_of_elements

Skill      XL: |  1  2  3  4  5 |
---------------+----------------+-----
Stealth        | 1 2 3 5 6 |  6.0
Transmutations | 3 |  3.5
Fighting       | |  1.0
Dodging        | |  2.0
Unarmed Combat | |  3.0
Spellcasting   | |  2.0

Action                   |  1- 3 |  4- 6 || total
-------------------------+-------+-------++-------
Melee: Unarmed           |     6 |       ||     6
       Short sword       |    12 |       ||    12
       Constrict         |    12 |    14 ||    26
       Kick              |     9 |     7 ||    16
       Tentacles         |     4 |     8 ||    12
       Dagger            |    33 |    53 ||    86
Throw: Dart              |       |     4 ||     4
 Cast: Beastly Appendage |    19 |    11 ||    30
  Use: Scroll            |     3 |     1 ||     4
 Stab: Sleeping          |     7 |     3 ||    10
Armor: Skin              |     1 |     3 ||     4
Dodge: Dodged            |    22 |    31 ||    53
